 Dungeon Crawl Stone Soup version 0.27.1-4-g1640c2035a (webtiles) character file.

Game seed: 1093080406761390439

19 Iepvzaeh the Firebug (level 2, -2/20 HPs)
             Began as a Hill Orc Fire Elementalist on Nov 10, 2021.
             Slain by Robin (7 damage)
             ... on level 2 of the Dungeon.
             The game lasted 00:05:12 (2784 turns).

Iepvzaeh the Firebug (Hill Orc Fire Elementalist)   Turns: 2784, Time: 00:05:12

Health: -2/20      AC:  2    Str: 10    XL:     2   Next: 75%
Magic:  2/4        EV: 12    Int: 15    God:
Gold:   70         SH:  0    Dex: 11    Spells: 3/4 levels left

rFire    . . .     SeeInvis .   h - +0 flail
rCold    . . .     Faith    .   (no shield)
rNeg     . . .     Spirit   .   a - +0 robe
rPois    .         Reflect  .   (no helmet)
rElec    .         Harm     .   (no cloak)
rCorr    .         Rampage  .   (no gloves)
Will     .....                  (no boots)
Stlth    ++........             (no amulet)
HPRegen  0.06/turn              (no ring)
MPRegen  0.09/turn              (no ring)

@: no status effects
A: no striking features
a: no special abilities


You were on level 2 of the Dungeon.
You visited 1 branch of the dungeon, and saw 2 of its levels.

You collected 70 gold pieces.

Inventory:

Hand Weapons
 e - a +0 club
 h - a +0 flail (weapon)
Armour
 a - a +0 robe (worn)
Scrolls
 b - a scroll of silence {unknown}
 f - 2 scrolls of magic mapping {unknown}
 i - a scroll of torment {unknown}
 j - a scroll of amnesia {unknown}
Potions
 c - a potion of lignification {unknown}
 d - a potion of heal wounds {unknown}
 g - a potion of curing {unknown}


   Skills:
 + Level 0.2 Fighting
 + Level 1.7 Dodging
 + Level 1.7 Stealth
 + Level 0.1 Unarmed Combat
 + Level 1.7 Spellcasting
 + Level 1.1 Conjurations
 + Level 3.7 Fire Magic


You had 3 spell levels left.
You knew the following spells:

 Your Spells              Type           Power      Damage    Failure   Level
a - Foxfire               Conj/Fire      32%        2x1d5     9%          1

Your spell library contained the following spells:

 Spells                   Type           Power      Damage    Failure   Level
 Conjure Flame            Conj/Fire      8%         6-21      24%         3
 Inner Flame              Hex/Fire       6%         N/A       32%         3
 Sublimation of Blood     Necr           0%         N/A       34%         2
 Sticky Flame             Conj/Fire      8%         2d3       63%         4
 Petrify                  Tmut/Erth      1%         N/A       92%         4
 Fireball                 Conj/Fire      4%         3d4       92%         5
 Irradiate                Conj/Tmut      1%         3d14      99%         5


Dungeon Overview and Level Annotations

Branches:
Dungeon (2/15)

Altars:

Annotations:
D:2 Robin


Message History

You closely miss the goblin.
The goblin is moderately wounded.
The goblin barely misses you.
You miscast Foxfire.
You are very lightly contaminated with residual magic.
Nothing appears to happen.
The goblin hits you but does no damage.
A goblin comes into view. It is wielding a +0 club.
Robin's horned helmet rattles.
You conjure some foxfire!
The goblin misses you.
The foxfire hits the goblin.
You kill the goblin!
The foxfire hits the hobgoblin but does no damage.
You conjure some foxfire!
Your foxfire dissipates!
The foxfire hits the hobgoblin.
The hobgoblin is severely wounded.
Your magical contamination has completely faded away.
You conjure some foxfire!
Your foxfire dissipates!
The foxfire hits Robin but does no damage.
The hobgoblin hits you.
You are too depleted to draw on your mana recklessly!
You completely miss Robin. Robin misses you.
A goblin comes into view. It is wielding a +0 dagger.
You barely miss Robin.
Robin roars a battlecry!
The goblins go into a battle-frenzy!
Robin hits you with a +0 whip.
The goblin shouts!
You barely miss Robin.
The hobgoblin no longer looks unusually strong.
Robin hits you with a +0 whip.
* * * LOW HITPOINT WARNING * * *
You hit Robin.
Robin is lightly wounded.
Robin roars a battlecry!
The hobgoblin goes into a battle-frenzy!
You are too injured to fight recklessly!
Robin hits you with a +0 whip.
You die...

#####################
................@g.>#
###.###############J# #.#
######## #.# ##'###
#......# #.# #....#
#.)....####g#
#....###.....gg....#
#......รท####'###########
#.......#..............#
##......#..........###.#


You could see Robin and an endoplasm.

Vanquished Creatures
  2 endoplasms (D:1)
  A giant cockroach (D:1)
  A hobgoblin (D:1)
  A kobold (D:1)
  A quokka (D:1)
  A ball python (D:2)
  3 bats
  A frilled lizard (D:1)
  4 goblins
  3 rats (D:1)
18 creatures vanquished.

Vanquished Creatures (others)
  30 foxfires
30 creatures vanquished.

Grand Total: 48 creatures vanquished

Notes
Turn   | Place    | Note
-------+----------+-------------------------------------------
     0 | D:1      | Iepvzaeh the Hill Orc Fire Elementalist began the quest for
                  | the Orb.
     0 | D:1      | Reached XP level 1. HP: 14/14 MP: 3/3
  1154 | D:1      | Reached XP level 2. HP: 20/20 MP: 1/4
  1489 | D:1      | Found a faded altar of an unknown god.
  2758 | D:2      | Identified the +0 helmet "Giogococh" {Harm rN+ Slay+3}
  2758 | D:2      | Noticed Robin
  2784 | D:2      | Slain by Robin

Illustrated notes

Levels and vault maps discovered:
D:1:      erik_arrival_blinker_ship, layout_basic, basic_ecumenical_altar
D:2:      minmay_roachtagon, layout_basic, uniq_robin, uniq_jessica,
          uniq_natasha

Action                   || total
-------------------------++-------
Melee: Unarmed           ||    22
       Flail             ||    33
       Club              ||    18
 Cast: Foxfire           ||    24
Armor: Robe              ||    28
Dodge: Dodged            ||    67
